 Dungeon Crawl Stone Soup version 0.28-a0-1524-ge72afd5fc6 (webtiles) character file.

Game seed: 17905554064772196658

270 southernslant the Skirmisher (level 6, -2/38 HPs)
             Began as a Gargoyle Gladiator on Jan 16, 2022.
             Slain by an ogre (7 damage)
             ... on level 4 of the Dungeon on Jan 17, 2022.
             The game lasted 00:06:19 (3603 turns).

southernslant the Skirmisher (Gargoyle Gladiator)   Turns: 3603, Time: 00:06:20

Health: -2/38      AC: 10    Str: 19    XL:     6   Next: 22%
Magic:  6/6        EV: 12    Int:  9    God:
Gold:   129        SH:  0    Dex: 11    Spells: 5/5 levels left

rFire   . . .      SeeInvis .   a - +0 quarterstaff
rCold   . . .      Faith    .   (shield currently unavailable)
rNeg    + . .      Spirit   .   b - +0 leather armour
rPois   ∞          Reflect  .   s - +1 helmet
rElec   +          Harm     .   (no cloak)
rCorr   .          Rampage  .   (no gloves)
Will    .....                   (no boots)
Stlth   +.........              (no amulet)
HPRegen 0.12/turn               (no ring)
MPRegen 0.10/turn               (no ring)

@: no status effects
A: sickness immunity, AC +4, negative energy resistance 1, electricity
resistance, torment resistance 1, petrification resistance
a: no special abilities


You were on level 4 of the Dungeon.
You visited 1 branch of the dungeon, and saw 4 of its levels.

You collected 129 gold pieces.

Inventory:

Hand Weapons
 a - a +0 quarterstaff (weapon)
 h - a +0 hunting sling
 t - a +0 scythe
Missiles
 d - 2 throwing nets (quivered)
 e - 71 stones
 i - 3 poisoned darts
 n - 2 silver javelins
Armour
 b - a +0 leather armour (worn)
 c - a +0 ring mail
 s - a +1 helmet (worn)
Jewellery
 v - a ring of see invisible
Wands
 r - a wand of flame (14)
 w - a wand of acid (12)
Scrolls
 g - 4 scrolls of identify {unknown}
 j - 2 scrolls of enchant weapon {unknown}
 k - a scroll of noise {unknown}
 x - a scroll of magic mapping {unknown}
Potions
 f - 3 potions of curing {unknown}
 l - a potion of attraction {unknown}
 m - 3 potions of resistance {unknown}
 o - a potion of mutation {unknown}
 p - a potion of haste {unknown}
 q - a potion of experience {unknown}
 u - a potion of degeneration {unknown}


   Skills:
 * Level 4.2 Fighting
 + Level 3.7 Staves
 + Level 2.5 Throwing
 * Level 3.3 Armour
 * Level 3.0 Dodging


You had 5 spell levels left.
You didn't know any spells.
Your spell library contained the following spells:

 Spells                   Type           Power      Damage    Failure   Level
 Corpse Rot               Necr/Air       0%         N/A       56%         2
 Poisonous Vapours        Pois/Air       0%         N/A       56%         2


Dungeon Overview and Level Annotations

Branches:
Dungeon (4/15)
 Temple: D:4-7

Altars:
Nemelex Xobeh
Xom

Annotations:
D:3 1 runed translucent door, Crazy Yiuf


Innate Abilities, Weirdness & Mutations

You are immune to sickness and miasma.
Your stone body is resilient. (AC +4)
You are immune to poison.
You resist negative energy. (rN+)
You are resistant to electric shocks. (rElec)
You are resistant to unholy torment.
You are immune to petrification.


Message History

Could not explore, unopened runed door.
Press: ? - help, v - describe, . - travel
Here: Crazy Yiuf, wielding a +4 quarterstaff of chaos and wearing a +0 cloak (fire blocked by a runed translucent door)
The floor.
There is an open door here.
There is an open door here.
You see here a +2 barding of flying.
There is a stone staircase leading down here.
You climb downwards.
You hear the sound of rushing water.
There is an entrance to a sewer on this level.
Hurry and find it before the portal rusts away!
There is a stone staircase leading up here.
Found an escape hatch in the ceiling.
Found a stone staircase leading up.
An ogre comes into view. It is wielding a +0 giant spiked club.
The ogre shouts!
Found 19 arrows.
The ogre barely misses you.
You hit the ogre.
The ogre is lightly wounded.
The ogre hits you with a +0 giant spiked club.
You barely miss the ogre.
The ogre is lightly wounded.
You hit the ogre.
The ogre is moderately wounded.
The ogre barely misses you.
You hit the ogre.
The ogre is heavily wounded.
The ogre hits you with a +0 giant spiked club.
You barely miss the ogre.
The ogre is heavily wounded.
The ogre barely misses you.
You barely miss the ogre.
The ogre is heavily wounded.
The ogre hits you with a +0 giant spiked club!!
Ouch! That really hurt!
* * * LOW HITPOINT WARNING * * *
You hit the ogre.
The ogre is heavily wounded.
The ogre hits you with a +0 giant spiked club!
You die...

#...... .......
.. ......( ≈≈.
........# §≈..
........#
≈≈..####........#
§≈.....O........+
≈≈.....@........#
≈≈≈≈§§§.........#
≈≈≈§≈§≈.§.......#
......§§........#
...........<...#
..<............#
...#...........#
...#...........#
.. #...........#


You could see an ogre.

Vanquished Creatures
  Sigmund (D:3)
  Jessica (D:3)
  Robin (D:2)
  An adder (D:2)
  A worm (D:2)
  3 ball pythons
  5 bats
  4 endoplasms
  13 goblins
  4 hobgoblins
  5 jackals (D:1)
  3 quokkas (D:1)
  3 frilled lizards
  6 kobolds
  8 rats
59 creatures vanquished.

Notes
Turn   | Place    | Note
-------+----------+-------------------------------------------
     0 | D:1      | southernslant the Gargoyle Gladiator began the quest for
                  | the Orb.
     0 | D:1      | Reached XP level 1. HP: 12/12 MP: 1/1
   193 | D:1      | Reached XP level 2. HP: 18/18 MP: 2/2
   239 | D:1      | Reached skill level 1 in Armour
   574 | D:1      | Found a faded altar of an unknown god.
   723 | D:1      | Reached XP level 3. HP: 21/22 MP: 3/3
  1397 | D:2      | Reached skill level 3 in Fighting
  1714 | D:2      | Reached XP level 4. HP: 8/28 MP: 4/4
  2022 | D:2      | Noticed Robin
  2037 | D:2      | Killed Robin
  2314 | D:2      | Found a shimmering altar of Xom.
  2479 | D:3      | Noticed Jessica
  2487 | D:3      | Killed Jessica
  3004 | D:3      | Noticed Sigmund
  3018 | D:3      | Killed Sigmund
  3019 | D:3      | Reached skill level 4 in Fighting
  3019 | D:3      | Reached XP level 5. HP: 26/33 MP: 5/5
  3019 | D:3      | Reached XP level 6. HP: 31/38 MP: 6/6
  3022 | D:3      | Upgraded the game from 0.28-a0-1510-gd0f6b136d3 to
                  | 0.28-a0-1524-ge72afd5fc6
  3172 | D:3      | Found a sparkling altar of Nemelex Xobeh.
  3242 | D:3      | Found a runed translucent door.
  3243 | D:3      | Noticed Crazy Yiuf
  3603 | D:4      | Slain by an ogre

Illustrated notes

Levels and vault maps discovered:
D:1:      tarquinn_simple_flora_water_d, layout_loops_cross,
          dreamdust_ecumenical_altar_angels_and_demons, minmay_tetromino_o2
D:2:      layout_basic, basic_altar, uniq_robin
D:3:      layout_loops_corners, nemelex_xobeh_ov_fountains_minmay, uniq_sigmund,
          uniq_jessica, uniq_crazy_yiuf_cottage
D:4:      layout_gridville, mainiacjoe_overflow_chevrons, gup_sewer_entry_bowl,
          uniq_natasha

Skill      XL: |  1  2  3  4 |
---------------+-------------+-----
Armour         | 1 2 3 |  3.3
Throwing       | 2 |  2.5
Fighting       | 3 4 |  4.2
Dodging        | 3 |  3.0
Staves         | |  3.7

Action                   |  1- 3 |  4- 6 || total
-------------------------+-------+-------++-------
Melee: Quarterstaff      |   101 |    56 ||   157
Throw: Throwing net      |     1 |     5 ||     6
       Dart              |     1 |       ||     1
       Stone             |     1 |       ||     1
 Stab: Sleeping          |     1 |       ||     1
       Held in net/web   |     1 |     3 ||     4
Armor: Leather armour    |    43 |    15 ||    58
Dodge: Dodged            |    72 |    32 ||   104

Table legend: (Time is in decaauts)
 A = Elapsed time spent in this place.
 B = Non-inter-level travel time spent in this place.
 C = Inter-level travel time spent in this place.
 D = Time resting spent in this place.
 E = Time spent auto-exploring this place.
 F = Levels seen in this place.
 G = Mean time per level.
                   A        B        C        D        E       F      G
               +--------+--------+--------+--------+--------+-----+--------+
         Total |   3623 |   3482 |    141 |      0 |   3039 |   4 |  905.8 |
       Dungeon |   3623 |   3482 |    141 |      0 |   3039 |   4 |  905.8 |
               +--------+--------+--------+--------+--------+-----+--------+

Top non-repeatable levels by time:
     D:1: 1301 daAuts
     D:2: 1159 daAuts
     D:3: 1129 daAuts
     D:4: 33 daAuts
